Map: Crimson Court LE

Players

Khamsin - Winner!

  • Race: Protoss Protoss
  • Spawn Location: 1:00

I.A. 1 (Difficilissima)

  • Race: Protoss Protoss
  • Spawn Location: 7:00

VOD

Have the link to the VOD?

Description

Time

  • Played on: Sept. 19, 2026, 10:06 a.m.
  • Length: 14:45
Show
View Real Time Build Order
Export as new Build Order

Khamsin Protoss - Winner!

Build Orders:  

Get SALT Encoding   

  8  0:00  Probe (Chrono Boost)  
  9  0:12  Probe (Chrono Boost)  
  10  0:18  Probe  
  11  0:30  Probe  
  12  0:42  Probe  
  13  0:48  Pylon  
  13  1:06  Probe  
  14  1:18  Probe (Chrono Boost)  
  14  1:22  Gateway  
  15  1:29  Probe (Chrono Boost)  
  16  1:34  Probe (Chrono Boost)  
  16  1:35  Assimilator  
  17  1:45  Probe  
  18  2:17  Cybernetics Core  
  18  2:19  Nexus  
  18  2:23  Pylon  
  18  2:26  Probe (Chrono Boost)  
  20  2:37  Probe (Chrono Boost)  
  20  2:45  Pylon  
  20  2:57  Warp Gate  
  20  3:02  Stalker  
  22  3:10  Probe (Chrono Boost)  
  24  3:20  Probe (Chrono Boost)  
  24  3:23  Forge  
  24  3:25  Probe (Chrono Boost)  
  25  3:29  Stalker  
  27  3:36  Probe  
  27  3:40  Shield Battery  
  28  3:43  Probe  
  30  3:48  Probe  
  30  3:53  Robotics Facility  
  30  3:55  Probe  
  31  3:58  Assimilator  
  31  4:04  Probe  
  31  4:07  Probe  
  33  4:10  Stalker  
  33  4:16  Probe  
  36  4:19  Probe  
  37  4:27  Assimilator  
  37  4:28  Probe  
  37  4:29  Protoss Ground Weapons Level 1  
  37  4:31  Probe  
  39  4:43  Probe  
  40  4:55  Probe (Chrono Boost)  
  40  4:57  Gateway  
  40  4:59  Gateway  
  41  5:01  Gateway  
  42  5:07  Probe (Chrono Boost)  
  42  5:08  Immortal  
  42  5:12  Probe (Chrono Boost)  
  47  5:16  Pylon  
  47  5:19  Pylon  
  47  5:20  Assimilator  
  47  5:21  Probe  
  48  5:34  Probe  
  49  5:35  Nexus  
  49  5:39  Stalker  
  51  5:50  Forge  
  51  5:54  Twilight Council  
  51  5:59  Robotics Bay  
  51  6:02  Probe  
  52  6:12  Stalker  
  52  6:14  Probe  
  52  6:16  Stalker  
  52  6:17  Zealot x2  
  61  6:23  Protoss Ground Armor Level 1  
  61  6:26  Probe  
  62  6:35  Charge  
  62  6:37  Protoss Shields Level 1  
  62  6:38  Probe  
  63  6:51  Pylon  
  63  6:52  Extended Thermal Lance  
  63  6:53  Probe (Chrono Boost)  
  64  6:54  Pylon  
  64  6:56  Pylon  
  64  6:58  Probe (Chrono Boost)  
  65  7:02  Stalker  
  65  7:04  Zealot  
  65  7:08  Probe (Chrono Boost)  
  70  7:12  Probe (Chrono Boost)  
  71  7:22  Stalker  
  73  7:24  Probe  
  70  7:36  Probe  
  61  7:38  Stalker  
  61  7:39  Stalker x2  
  61  7:51  Stalker  
  63  7:53  Colossus  
  69  8:15  Blink, Probe  
  69  8:17  Pylon  
  70  8:20  Pylon  
  70  8:23  Pylon  
  70  8:25  Protoss Ground Weapons Level 2, Stalker, Zealot  
  70  8:26  Zealot x2  
  78  8:27  Probe  
  79  8:40  Probe  
  80  8:47  Colossus  
  86  8:48  Gateway x2  
  86  8:51  Gateway  
  86  8:52  Probe  
  87  9:04  Probe  
  88  9:11  Nexus  
  88  9:19  Robotics Facility  
  88  9:23  Robotics Facility  
  88  9:33  Stalker x2  
  88  9:34  Zealot x2  
  96  9:41  Colossus  
  102  9:48  Zealot  
  102  9:49  Zealot x2  
  108  10:08  Colossus  
  114  10:18  Probe (Chrono Boost), Pylon  
  114  10:19  Assimilator  
  114  10:20  Assimilator, Pylon  
  115  10:22  Protoss Ground Armor Level 2  
  116  10:28  Probe (Chrono Boost)  
  116  10:33  Probe (Chrono Boost)  
  116  10:34  Colossus  
  116  10:35  Zealot x3  
  125  10:36  Zealot x3  
  125  10:44  Probe  
  125  10:49  Protoss Shields Level 2  
  122  10:51  Stalker  
  122  10:56  Probe  
  123  10:58  Colossus  
  129  11:10  Stalker x2  
  129  11:11  Zealot x2  
  135  11:12  Zealot x2  
  141  11:20  Immortal  
  145  11:28  Immortal  
  149  11:36  Probe  
  149  11:39  Stalker  
  152  11:40  Stalker, Zealot  
  156  11:52  Pylon  
  156  11:54  Pylon  
  156  11:57  Pylon  
  156  11:59  Pylon  
  156  12:10  Probe  
  156  12:12  Stalker  
  156  12:13  Stalker, Zealot  
  156  12:14  Zealot  
  156  12:15  Stalker x2  
  163  12:16  Stalker  
  163  12:22  Probe  
  162  12:33  Unknown  
  162  12:34  Probe  
  159  12:39  Stalker x2  
  159  12:40  Stalker  
  159  12:42  Colossus x2  
  159  12:43  Colossus  
  179  12:46  Probe  
  180  12:58  Probe  
  181  13:11  Probe  
  182  13:25  Stalker  
  182  13:26  Stalker, Zealot  
  188  13:36  Pylon  
  188  13:39  Pylon  
  188  13:41  Pylon  
  186  14:21  Zealot x2  
  186  14:22  Zealot x3  
  186  14:23  Zealot x2  
Show
View Real Time Build Order
Export as new Build Order

I.A. 1 (Difficilissima) Protoss 

Build Orders: Zealot Archon 

Get SALT Encoding   

  8  0:00  Probe  
  9  0:13  Probe  
  10  0:25  Probe  
  11  0:37  Probe  
  12  0:47  Pylon  
  12  0:49  Probe  
  13  1:01  Probe  
  13  1:09  Gateway, Probe  
  15  1:19  Probe, Assimilator  
  16  1:31  Probe  
  17  1:32  Pylon  
  17  1:43  Probe  
  18  1:54  Zealot  
  18  1:55  Probe  
  18  2:00  Cybernetics Core  
  19  2:07  Probe  
  22  2:14  Gateway  
  22  2:19  Probe  
  23  2:28  Pylon  
  23  2:31  Probe  
  23  2:35  Zealot  
  26  2:38  Warp Gate  
  26  2:43  Probe  
  27  2:56  Probe  
  28  3:01  Adept x2  
  28  3:05  Probe  
  32  3:08  Gateway  
  33  3:18  Gateway  
  33  3:34  Stalker x2  
  35  3:40  Pylon  
  37  3:43  Assimilator  
  37  3:57  Adept  
  37  3:58  Probe  
  37  4:01  Adept  
  42  4:06  Twilight Council  
  42  4:10  Probe  
  43  4:30  Pylon  
  43  4:58  Pylon  
  43  5:03  Templar Archives  
  43  5:16  Zealot  
  45  5:39  High Templar, Stalker  
  45  5:41  Nexus  
  49  6:04  High Templar  
  51  6:11  Archon  
  51  6:22  Pylon  
  51  6:32  High Templar  
  53  6:40  Forge  
  53  6:53  Probe x2  
  55  7:01  High Templar, Pylon  
  55  7:04  Pylon  
  55  7:05  Probe  
  55  7:06  Probe  
  59  7:11  Stalker  
  61  7:17  Probe  
  61  7:18  Probe  
  63  7:24  Zealot x2  
  63  7:27  Forge  
  63  7:29  Probe  
  62  7:30  Probe  
  62  7:33  Sentry  
  59  7:37  Zealot  
  59  7:41  Probe  
  59  7:42  Probe  
  59  7:44  Adept  
  61  7:51  Probe  
  55  7:53  Probe  
  57  7:59  Probe  
  57  8:02  High Templar  
  60  8:05  Probe  
  60  8:08  Probe  
  62  8:18  Probe  
  63  8:20  Photon Cannon  
  63  8:21  Probe  
  64  8:28  Photon Cannon  
  64  8:29  High Templar  
  64  8:30  Probe  
  64  8:33  Probe  
  64  8:34  Adept  
  70  8:37  Photon Cannon  
  70  8:46  Archon  
  70  8:47  Zealot  
  72  9:00  Nexus  
  72  9:02  High Templar  
  74  9:14  Photon Cannon  
  74  9:30  High Templar  
  76  9:38  Gateway  
  76  9:45  Photon Cannon  
  76  9:46  Archon  
  76  9:52  Robotics Facility  
  76  10:08  Probe  
  76  10:13  Probe x2  
  79  10:16  High Templar, Probe  
  82  10:23  Assimilator, Nexus  
  82  10:25  Probe x2, Pylon  
  82  10:26  Photon Cannon, Assimilator, Probe  
  84  10:30  Gateway  
  84  10:33  Zealot x4  
  91  10:37  Probe  
  91  10:38  Probe x2  
  91  10:40  Warp Prism  
  80  10:48  Zealot  
  80  10:49  Probe  
  73  10:51  Probe x2, Zealot  
  73  10:55  Zealot x2, High Templar  
  71  10:59  Probe  
  71  11:03  Probe  
  71  11:05  Probe  
  71  11:07  Probe, Zealot  
  71  11:13  Adept  
  71  11:15  Probe  
  71  11:17  Zealot x2  
  74  11:21  Zealot  
  74  11:25  Zealot  
  74  11:29  Stalker  
  78  11:35  Zealot, Probe  
  78  11:36  Probe x3  
  78  11:39  High Templar, Zealot  
  80  11:42  Adept  
  80  11:43  High Templar  
  80  11:45  Assimilator  
  80  11:46  Assimilator  
  82  11:47  Probe  
  82  11:48  Probe  
  82  11:50  Zealot, Archon  
  82  11:51  High Templar  
  76  12:01  Adept  
  76  12:02  Photon Cannon  
  76  12:04  Pylon, Zealot  
  76  12:06  Pylon  
  76  12:07  Zealot  
  78  12:12  Probe  
  78  12:13  Stalker  
  74  12:18  Probe x2  
  74  12:22  Pylon  
  72  12:23  Zealot  
  72  12:26  Zealot, Photon Cannon, Probe  
  72  12:27  Zealot, Sentry, Robotics Facility  
  71  12:30  Probe x2  
  62  12:38  Probe  
  62  12:41  Zealot  
  62  12:42  Probe x2  
  56  12:45  High Templar, Zealot  
  56  12:49  Stalker  
  56  12:51  Probe  
  63  12:54  Probe  
  63  12:56  High Templar, Probe  
  63  12:57  Stalker  
  56  13:08  Adept, Pylon  
  56  13:11  Zealot  
  58  13:13  Pylon  
  58  13:14  High Templar  
  58  13:17  High Templar  
  58  13:18  Nexus  
  37  13:30  Zealot, Probe  
  37  13:33  Sentry  
  41  13:47  Probe x2  
  42  13:49  Sentry, Adept  
  42  13:50  Stalker  
  42  13:52  Archon  
  42  13:55  High Templar  
  50  13:59  Probe x2  
  51  14:05  Stalker, Zealot  
  48  14:11  High Templar, Probe  
  42  14:22  Nexus  
  30  14:26  Zealot  
  30  14:27  Stalker  
  30  14:30  High Templar  
  29  14:31  Pylon  
Tags
 
Composition
Zealot Archon
Matchup
PvP
Spawn Locations
Cross Positions
Add a new tag
Caveats
  • Supply blocks, unpowered buildings, or Contaminate may cause inaccurate times.
  • Supply counts are checked every 10 seconds.